[Event "Team 45 45 League T37"]
[Site "Internet Chess Club"]
[Date "2008.05.18"]
[Round "4"]
[White "betto2506"]
[Black "EyeAm"]
[Result "1/2-1/2"]
[WhiteElo "1320"]
[BlackElo "1402"]
[Opening "Dutch defense"]
[ECO "A87"]
[Time "14:00:32"]
[TimeControl "2700+45"]

1. d4 f5 2. g3 Nf6 3. Bg2 g6 4. Nf3 Bg7 5. O-O O-O 6. c4 d6 7. Nc3 Qe8 8. d5 Na6
9. a3 Nc5 10. Qc2 Bd7 11. a4 Nce4 12. Bd2 c6 13. Ng5 Nxd2 14. Qxd2 h6 15. Ne6
Bxe6 16. dxe6 Qc8 17. b3 Qxe6 18. e3 Qd7 19. Rad1 Rad8 20. Qc2 e5 21. f4 e4 22.
Rd2 Ng4 23. Re2 a6 24. h3 Nf6 25. Rd1 Nh5 26. Kh2 Qf7 27. Red2 Qf6 28. h4 Qxc3
29. Qxc3 Bxc3 30. Rxd6 Rxd6 31. Rxd6 Kg7 32. Bf1 Rf6 33. Rd7+ Rf7 34. Rd6 Bb4
35. Rd8 Rf8 36. Rd7+ Rf7 37. Rd8 Bc5 38. Kg2 Bxe3 39. Be2 Bb6 40. Rd6 Bc5 41.
Rd8 Re7 42. Bxh5 gxh5 43. Kf1 e3 44. Ke2 Kf7 45. Rh8 Kg7 46. Rd8 Kf7 47. Rh8 Kg7
48. Rd8 {Game drawn by repetition} 1/2-1/2

[Event "Team 45 45 League T37"]
[Site "Internet Chess Club"]
[Date "2008.05.17"]
[Round "4"]
[White "WilmaP"]
[Black "N20863"]
[Result "0-1"]
[WhiteElo "1178"]
[BlackElo "1265"]
[Opening "Sicilian: Nimzovich-Rossolimo attack (without ...d6)"]
[ECO "B30"]
[Time "14:03:25"]
[TimeControl "2700+45"]

1. e4 c5 2. Nf3 Nc6 3. Bb5 e5 4. c3 Nf6 5. O-O Be7 6. Re1 O-O 7. d4 d6 8. d5 Nb8
9. Nbd2 a6 10. Ba4 b5 11. Bc2 Nbd7 12. a3 Nb6 13. b3 Bd7 14. Nf1 c4 15. h3 h6
16. a4 Qc8 17. Ng3 Nh7 18. Nf5 Bxf5 19. exf5 Bf6 20. Be3 cxb3 21. Be4 Nc4 22.
Qxb3 Nxe3 23. Rxe3 Ng5 24. Nxg5 Bxg5 25. Rg3 Qc5 26. Rf1 Rab8 27. Qc2 b4 28. f6
Bxf6 29. Bh7+ Kh8 30. Be4 b3 31. Qd3 a5 32. Rb1 Bh4 33. Rf3 Qa3 34. g3 Bf6 35.
Kg2 Qxa4 36. c4 b2 37. Qc3 Rfc8 38. Rxb2 Rxb2 39. Qxb2 Qxc4 40. Bd3 Qxd5 41. Qe2
Qe6 42. Qe4 g6 43. Qe3 Kg7 44. h4 Rc3 45. h5 Rxd3 46. Qxd3 e4 47. Re3 exd3 48.
Rxe6 fxe6 49. Kf1 a4 50. Ke1 a3 {White resigns} 0-1

[Event "Team 45 45 League T37"]
[Site "Internet Chess Club"]
[Date "2008.05.18"]
[Round "4"]
[White "kjs110"]
[Black "wekabird"]
[Result "0-1"]
[WhiteElo "1107"]
[BlackElo "1284"]
[Opening "Caro-Kann: two knights variation"]
[ECO "B10"]
[Time "01:00:55"]
[TimeControl "2700+45"]

1. e4 c6 2. Nf3 d5 3. Nc3 d4 4. Ne2 Bg4 5. Nf4 Bxf3 6. Qxf3 e5 7. Nd3 Bd6 8. g3
Nf6 9. Bg2 O-O 10. O-O Nbd7 11. Qf5 Nb6 12. Nxe5 Bxe5 13. Qxe5 Re8 14. Qf4 Qe7
15. d3 Qe5 16. Qxe5 Rxe5 17. Bf4 Rb5 18. b3 Nh5 19. Be5 Rxe5 20. f4 Ree8 21. Bf3
Nf6 22. a4 a5 23. Rac1 h6 24. e5 Nfd5 25. Bxd5 Nxd5 26. c4 dxc3 27. Rfe1 b5 28.
axb5 cxb5 29. b4 axb4 30. Rb1 Ra2 31. Ra1 Rea8 32. Rab1 R8a3 33. Rbc1 Rd2 34.
Red1 Raa2 35. Kf1 Ne3+ 36. Ke1 Nxd1 37. Rxd1 Re2+ 38. Kf1 Rf2+ 39. Kg1 Rg2+ 40.
Kh1 Rxh2+ 41. Kg1 Rag2+ 42. Kf1 Rxg3 43. d4 Rh1+ 44. Kf2 Rgh3 45. Kg2 R1h2+ 46.
Kg1 Rh4 47. d5 Rh1+ 48. Kg2 Rxd1 49. Kg3 Rhh1 50. d6 Kf8 51. Kg2 Ke8 52. Kf3 Kd7
53. Ke3 c2 54. Ke2 c1=Q 55. Kf2 Rh3 56. Kg2 Rdd3 57. f5 Qc2+ 58. Kf1 Rd1# {White
checkmated} 0-1

[Event "Team 45 45 League T37"]
[Site "Internet Chess Club"]
[Date "2008.05.16"]
[Round "4"]
[White "Philly-Boy"]
[Black "John3v16"]
[Result "0-1"]
[WhiteElo "1825"]
[BlackElo "1772"]
[Opening "King's Indian: Sämisch, orthodox variation"]
[ECO "E85"]
[Time "22:00:45"]
[TimeControl "2700+45"]

1. d4 Nf6 2. c4 g6 3. Nc3 Bg7 4. e4 d6 5. f3 O-O 6. Be3 e5 7. Nge2 Nc6 8. Qd2 h5
9. O-O-O a5 10. d5 Nb4 11. a3 Na6 12. Na4 Bd7 13. Nec3 Nh7 14. Bd3 b6 15. Rhg1
Nc5 16. Nxc5 bxc5 17. a4 Qc8 18. Bh6 Rd8 19. Bxg7 Kxg7 20. f4 f6 21. Rdf1 exf4
22. Qxf4 Re8 23. h3 Re5 24. Qf2 g5 25. g4 hxg4 26. h4 Qe8 27. hxg5 Nxg5 28.
Qxf6+ Kg8 29. Rh1 Nh7 30. Qh6 Qe7 31. Ne2 Qg7 32. Qh4 Rb8 33. Nc3 Ng5 34. Rhg1
Nxe4 35. Bxe4 Rxe4 36. Rg3 Rxc4 37. Re1 Bxa4 38. Re7 Qg6 39. Qh2 Rf8 {White
forfeits on time} 0-1

[Event "Team 45 45 League T37"]
[Site "Internet Chess Club"]
[Date "2008.05.19"]
[Round "4"]
[White "OGO"]
[Black "BrerRabbit"]
[Result "1/2-1/2"]
[WhiteElo "1643"]
[BlackElo "1615"]
[Opening "Sicilian: Taimanov variation"]
[ECO "B45"]
[Time "14:04:47"]
[TimeControl "2700+45"]

1. e4 c5 2. Nf3 e6 3. d4 cxd4 4. Nxd4 Nc6 5. Nc3 d6 6. Be3 a6 7. Be2 Be7 8. O-O
Nf6 9. Qd2 O-O 10. f4 Qc7 11. Bf3 Rd8 12. Rad1 Ne5 13. fxe5 dxe5 14. Nxe6 Bxe6
15. Qe2 Bc4 16. Qf2 Bxf1 17. Bb6 Qc6 18. Bxd8 Rxd8 19. Rxd8+ Bxd8 20. Qxf1 Bb6+
21. Kh1 Bd4 22. Qd3 Kf8 23. Nd1 Qb6 24. c3 Bc5 25. b4 Be7 26. Ne3 Qb5 27. Qxb5
axb5 28. Ng4 Nxg4 29. Bxg4 Ke8 30. Be2 Bg5 31. Bxb5+ Ke7 32. Bc4 Bd2 33. Bd5 b6
34. b5 Bxc3 35. a4 f6 36. Kg1 Kd6 37. Kf1 Kc5 38. Ke2 Bd4 39. Kd3 Kb4 40. Bc6
Kxa4 41. h4 Kb4 42. g4 Kc5 43. h5 {Game drawn by mutual agreement} 1/2-1/2

[Event "Team 45 45 League T37"]
[Site "Internet Chess Club"]
[Date "2008.05.15"]
[Round "4"]
[White "fredd"]
[Black "dondel"]
[Result "1/2-1/2"]
[WhiteElo "1495"]
[BlackElo "1467"]
[Opening "King's Indian: Smyslov system"]
[ECO "E61"]
[Time "22:58:13"]
[TimeControl "2700+45"]

1. d4 Nf6 2. c4 g6 3. Nf3 Bg7 4. Nc3 d6 5. Bg5 O-O 6. Qd2 Bf5 7. Bh6 Bxh6 8.
Qxh6 Ng4 9. Qd2 e5 10. e4 exd4 11. Nxd4 Be6 12. Nf3 Ne5 13. Nxe5 dxe5 14. Qxd8
Rxd8 15. Nd5 Na6 16. Rc1 c6 17. Ne3 Nc5 18. f3 Kf8 19. b4 Nd3+ 20. Bxd3 Rxd3 21.
Ke2 Rad8 22. Rhd1 Rxd1 23. Rxd1 Rxd1 24. Kxd1 Ke7 25. a3 b5 26. cxb5 Bb3+ 27.
Kd2 cxb5 28. Kc3 Be6 29. Kc2 Kd6 30. Kc3 f6 31. Kd3 h6 32. g3 a6 33. h4 h5 34.
f4 Bb3 35. f5 gxf5 36. Nxf5+ Kd7 37. Kd2 Bf7 38. Ne3 {Game drawn by mutual
agreement} 1/2-1/2

[Event "Team 45 45 League T37"]
[Site "Internet Chess Club"]
[Date "2008.05.20"]
[Round "4"]
[White "Jester"]
[Black "scar99"]
[Result "1-0"]
[WhiteElo "1463"]
[BlackElo "1351"]
[Opening "King's Indian defense, 3.Nc3"]
[ECO "E90"]
[Time "14:32:46"]
[TimeControl "2700+45"]

1. d4 Nf6 2. c4 g6 3. Nc3 Bg7 4. Nf3 O-O 5. e4 d6 6. h3 e5 7. dxe5 dxe5 8. Qxd8
Rxd8 9. Nxe5 Nxe4 10. Nxe4 Bxe5 11. Rb1 Re8 12. Be2 Bxb2 13. Bxb2 Rxe4 14. Rd1
Nc6 15. Rd2 Be6 16. O-O Rd8 17. Rxd8+ Nxd8 18. Rd1 Nc6 19. Bf3 Bf5 20. Bxe4 Bxe4
21. Rd7 Kf8 22. Rxc7 Nd8 23. Bf6 {Black resigns} 1-0

[Event "Team 45 45 League T37"]
[Site "Internet Chess Club"]
[Date "2008.05.18"]
[Round "4"]
[White "yatiba"]
[Black "Ernie1"]
[Result "0-1"]
[WhiteElo "1702"]
[BlackElo "1694"]
[Opening "Caro-Kann: Panov-Botvinnik attack"]
[ECO "B13"]
[Time "13:03:52"]
[TimeControl "2700+45"]

1. e4 c6 2. d4 d5 3. exd5 cxd5 4. c4 Nf6 5. Nf3 g6 6. Nc3 Bg7 7. Bd3 Bg4 8. Qa4+
Bd7 9. Qb3 Bc6 10. Ne5 O-O 11. Nxc6 bxc6 12. Qb7 Nbd7 13. Qxc6 Rc8 14. Qa6 dxc4
15. Be2 Nb6 16. Qxa7 Ra8 17. Qb7 Rb8 18. Qa6 Qxd4 19. Be3 Qd6 20. Rd1 Qb4 21.
O-O Qxb2 22. Bd4 Nfd5 23. Rb1 Qc2 24. Rfc1 Qf5 25. Bxg7 Kxg7 26. Nd1 c3 27. Bd3
Qe5 28. Qa3 Rfc8 29. g3 Qe1+ 30. Kg2 Qd2 31. Bc2 Nc4 32. Qa4 Rxb1 33. Rxb1 Nce3+
34. Nxe3 Nxe3+ 35. Kf3 Nxc2 36. Qe4 Nd4+ 37. Kg2 c2 38. Qe5+ Kg8 39. Rb7 c1=Q
{White resigns} 0-1

[Event "Team 45 45 League T37"]
[Site "Internet Chess Club"]
[Date "2008.05.16"]
[Round "4"]
[White "NESKAYA"]
[Black "allanchs"]
[Result "1-0"]
[WhiteElo "1553"]
[BlackElo "1508"]
[Opening "Giuoco Piano"]
[ECO "C50"]
[Time "10:03:04"]
[TimeControl "2700+45"]

1. e4 e5 2. Nf3 Nc6 3. Bc4 Bc5 4. a3 d6 5. h3 Nf6 6. d3 Be6 7. Bb5 O-O 8. Bxc6
bxc6 9. O-O h6 10. Be3 Bb6 11. b4 Qe7 12. c4 Rfd8 13. Qc2 Bxe3 14. fxe3 Rf8 15.
d4 exd4 16. exd4 Bc8 17. Nbd2 d5 18. e5 Ne4 19. c5 Bf5 20. Nxe4 Bxe4 21. Qa4 Qd7
22. Nd2 Bd3 23. Rf2 Qe6 24. Qb3 Ba6 25. Qg3 Qg6 26. Qxg6 fxg6 27. g3 Rxf2 28.
Kxf2 Kf7 29. h4 Ke6 30. Nf3 Rf8 31. Ke3 Kf5 32. Nh2 Ke6 33. Ra2 Rf5 34. Rf2 Rxf2
35. Kxf2 Kf5 36. Kf3 Bd3 37. g4+ Ke6 38. Kf4 Be2 39. g5 h5 40. Ke3 Bc4 41. Kf4
Bd3 42. Nf3 Bf5 43. a4 Kd7 44. Nd2 Bc2 45. a5 a6 46. Nf3 Bf5 47. Ne1 Ke6 48. Ng2
Kd7 49. Ne3 Be4 50. Nf1 Bf5 51. Ng3 Be4 52. Nxe4 dxe4 53. Kxe4 Ke6 54. Kf4 Kd5
55. Ke3 Ke6 56. Ke4 Ke7 57. d5 cxd5+ 58. Kxd5 Kd7 59. e6+ Ke7 60. Kc6 Kxe6 61.
Kxc7 Kf5 62. Kb6 Kg4 63. c6 Kxh4 64. c7 Kxg5 65. c8=Q h4 {Black resigns} 1-0

[Event "Team 45 45 League T37"]
[Site "Internet Chess Club"]
[Date "2008.05.15"]
[Round "4"]
[White "keaaw"]
[Black "Warpdrive"]
[Result "1/2-1/2"]
[WhiteElo "1539"]
[BlackElo "1739"]
[Opening "Sicilian: Alapin's variation (2.c3)"]
[ECO "B22"]
[Time "22:09:36"]
[TimeControl "2700+45"]

1. e4 c5 2. c3 d5 3. exd5 Qxd5 4. Nf3 Nc6 5. Be2 e5 6. d3 Be7 7. Be3 Nf6 8. h3
Bf5 9. Qb3 Qxb3 10. axb3 O-O 11. Nbd2 Nd5 12. Nc4 Nxe3 13. fxe3 f6 14. Nh4 Be6
15. Rf1 f5 16. Nf3 Bxc4 17. bxc4 e4 18. Nd2 exd3 19. Bxd3 Bh4+ 20. Ke2 g6 21.
Nf3 Bf6 22. Rfd1 Rfe8 23. Kf2 Rad8 24. Be2 a6 25. Rxd8 Rxd8 26. Rd1 Rxd1 27.
Bxd1 Ne5 28. Nxe5 Bxe5 {Game drawn by mutual agreement} 1/2-1/2

[Event "Team 45 45 League T37"]
[Site "Internet Chess Club"]
[Date "2008.05.24"]
[Round "4"]
[White "MarcoDeSade"]
[Black "KrutoyChelovek"]
[Result "1/2-1/2"]
[WhiteElo "1506"]
[BlackElo "1503"]
[Opening "Giuoco Pianissimo"]
[ECO "C50"]
[Time "12:02:23"]
[TimeControl "2700+45"]

1. e4 e5 2. Nf3 Nc6 3. Bc4 Bc5 4. d3 Nf6 5. Be3 Bb6 6. c3 d6 7. b4 d5 8. exd5
Nxd5 9. Bxd5 Qxd5 10. Bxb6 axb6 11. a3 O-O 12. O-O Bg4 13. c4 Qe6 14. Nbd2 Rfd8
15. Qb3 Nd4 16. Nxd4 exd4 17. Rfe1 Qg6 18. f3 Be6 19. Qc2 Bf5 20. Ne4 Bxe4 21.
Rxe4 Qf6 22. Qb2 Qd6 23. Rae1 Kf8 24. Qb3 Re8 25. Rxe8+ Rxe8 26. Rxe8+ Kxe8 27.
Qa4+ Ke7 28. Qc2 Qe6 29. Kf1 Qe3 30. Qe2 Qxe2+ 31. Kxe2 Kd6 32. Kd2 c5 33. b5
Ke5 34. g3 g5 35. Ke2 h5 36. Kf2 f5 37. h3 h4 38. Kg2 f4 39. gxh4 gxh4 40. Kf2
{Game drawn by mutual agreement} 1/2-1/2

[Event "Team 45 45 League T37"]
[Site "Internet Chess Club"]
[Date "2008.05.18"]
[Round "4"]
[White "chesswooog"]
[Black "Folgers"]
[Result "0-1"]
[WhiteElo "2160"]
[BlackElo "2057"]
[Opening "Torre attack (Tartakower variation)"]
[ECO "D03"]
[Time "12:07:38"]
[TimeControl "2700+45"]

1. d4 d5 2. Nf3 Nf6 3. Bg5 e6 4. Nbd2 Be7 5. e3 Nbd7 6. Bd3 c5 7. c3 b6 8. e4
dxe4 9. Nxe4 Bb7 10. Qe2 Nxe4 11. Bxe4 Bxe4 12. Qxe4 Bxg5 13. Nxg5 cxd4 14. cxd4
Rc8 15. Nf3 Nf6 16. Qh4 O-O 17. O-O Qd5 18. b3 Rc2 19. Rfc1 Rfc8 20. Rxc2 Rxc2
21. Qf4 Qd8 22. Ne5 Qc7 23. h4 Nd5 24. Qf3 a5 25. g3 b5 26. Nd3 Qc3 27. Rd1 Rxa2
28. Re1 Ra1 29. Rxa1 Qxa1+ 30. Kg2 Qxd4 {White resigns} 0-1

[Event "Team 45 45 League T37"]
[Site "Internet Chess Club"]
[Date "2008.05.15"]
[Round "4"]
[White "BadHabitMarco"]
[Black "GambitBandit"]
[Result "0-1"]
[WhiteElo "1909"]
[BlackElo "2108"]
[Opening "Scandinavian defense"]
[ECO "B01"]
[Time "14:01:23"]
[TimeControl "2700+45"]

1. e4 d5 2. exd5 Nf6 3. d4 Bg4 4. Bb5+ c6 5. dxc6 Nxc6 6. f3 Bf5 7. Ne2 Qb6 8.
Nbc3 O-O-O 9. Bxc6 bxc6 10. Bf4 Qxb2 11. Rb1 Qxc2 12. Rb8+ Kd7 13. Rb7+ Ke8 14.
O-O Qxd1 15. Rxd1 a5 16. Bc7 Ra8 17. d5 cxd5 18. Nxd5 Nxd5 19. Rxd5 Be6 20. Rd2
f6 21. Nd4 Bd5 22. Rb6 Kf7 23. Rb5 e6 24. Rxa5 Bb4 25. Rxa8 Rxa8 26. Rc2 Rxa2
27. Kf1 e5 28. Rxa2 Bxa2 29. Nc2 Bc4+ 30. Kf2 Bc5+ 31. Kg3 Bd3 32. Na1 Ke6 33.
Nb3 Ba7 34. Ba5 f5 35. Bb4 Kd5 36. Bf8 g6 37. Bg7 e4 38. fxe4+ fxe4 39. Bh6 Bc4
40. Na5 Bb5 41. Bd2 e3 42. Be1 Ke4 43. Nb7 Bb8+ 44. Kh4 Bxh2 45. g3 Kf3 46. Kh3
Bg1 47. Nd6 Bd7+ 48. Kh4 Bf2 49. Bc3 Bxg3+ 50. Kg5 Bxd6 51. Kh6 {White resigns}
0-1

[Event "Team 45 45 League T37"]
[Site "Internet Chess Club"]
[Date "2008.05.16"]
[Round "4"]
[White "Fidius"]
[Black "ddlj81"]
[Result "0-1"]
[WhiteElo "1988"]
[BlackElo "1869"]
[Opening "Two knights defense"]
[ECO "C58"]
[Time "01:10:35"]
[TimeControl "2700+45"]

1. e4 e5 2. Nf3 Nc6 3. Bc4 Nf6 4. Ng5 d5 5. exd5 Na5 6. Bb5+ c6 7. dxc6 bxc6 8.
Bd3 Nd5 9. Nf3 Nf4 10. Bf1 e4 11. d3 exf3 12. Bxf4 fxg2 13. Bxg2 Qf6 14. Qe2+
Be6 15. Qe5 Be7 16. Qxf6 Bxf6 17. c3 Rc8 18. Nd2 O-O 19. Ne4 Be7 20. O-O Rfd8
21. Rfd1 h6 22. b3 f5 23. Ng3 Ba3 24. Rab1 c5 25. Nf1 g5 26. Be5 Nc6 27. d4 cxd4
28. Bxd4 f4 29. Bf6 Rf8 30. Bxc6 Rxc6 31. Be5 Bf5 32. b4 Bxb1 33. Rxb1 Re8 34.
Bd4 Re2 35. Bxa7 Rxc3 36. b5 Rcc2 37. b6 Bc5 38. Bb8 Rxf2 39. Kh1 Rb2 {White
resigns} 0-1

[Event "Team 45 45 League T37"]
[Site "Internet Chess Club"]
[Date "2008.05.17"]
[Round "4"]
[White "rookending34"]
[Black "basserben"]
[Result "1-0"]
[WhiteElo "1935"]
[BlackElo "1633"]
[Opening "Caro-Kann: Gurgenidze system"]
[ECO "B15"]
[Time "10:01:33"]
[TimeControl "2700+45"]

1. e4 c6 2. d4 d5 3. Nc3 g6 4. Nf3 Bg7 5. e5 Bf5 6. Bd3 Bxd3 7. Qxd3 e6 8. Bg5
Ne7 9. Qd2 Qc7 10. Bh6 O-O 11. Bxg7 Kxg7 12. Qg5 Nf5 13. g4 Nh6 14. Qf6+ Kg8 15.
Qf4 Kg7 16. g5 Nf5 17. Nh4 Nxh4 18. Qxh4 Rh8 19. Qh6+ Kg8 20. O-O-O a6 21. Rhe1
c5 22. Qh4 Nd7 23. Rd2 cxd4 24. Qxd4 Rc8 25. Ne4 Kg7 26. Nf6 h6 27. h4 h5 28.
Nxd5 Qa5 29. Nc3 Nc5 30. Qf4 Rhd8 31. Red1 Kg8 32. Rd6 b5 33. Kb1 Nb7 34. Rd7
Nc5 35. Qxf7+ {Black resigns} 1-0

[Event "Team 45 45 League T37"]
[Site "Internet Chess Club"]
[Date "2008.05.17"]
[Round "4"]
[White "mcplayerus"]
[Black "forketta"]
[Result "0-1"]
[WhiteElo "2010"]
[BlackElo "1996"]
[Opening "QGD Slav: Dutch variation, main line"]
[ECO "D19"]
[Time "15:12:02"]
[TimeControl "2700+45"]

1. d4 d5 2. c4 c6 3. Nc3 Nf6 4. Nf3 dxc4 5. a4 Bf5 6. e3 e6 7. Bxc4 Bb4 8. O-O
O-O 9. Qe2 Nbd7 10. Rd1 Qc7 11. e4 Bg6 12. Nh4 Bh5 13. f3 Rfe8 14. e5 Nd5 15.
Ne4 Be7 16. Bg5 Bxg5 17. Nxg5 Qd8 18. g4 Qxg5 19. Ng2 Nf4 20. Nxf4 Qxf4 21. gxh5
Nb6 22. Bb3 Qg5+ 23. Kh1 Qxh5 24. a5 Nd5 25. Bxd5 cxd5 26. a6 b6 27. Rac1 Rec8
28. Qe3 Qh4 29. Rg1 Qd8 30. Rxg7+ Kxg7 31. Rg1+ Kf8 32. Qa3+ Qe7 33. Rg8+ Kxg8
34. Qxe7 Rc2 35. h4 Rac8 36. h5 h6 37. Qf6 Rd2 {White resigns} 0-1

[Event "Team 45 45 League T37"]
[Site "Internet Chess Club"]
[Date "2008.05.17"]
[Round "4"]
[White "jonesey"]
[Black "Ser-Enigma"]
[Result "1/2-1/2"]
[WhiteElo "1989"]
[BlackElo "2122"]
[Opening "Benko's opening"]
[ECO "A00"]
[Time "12:01:08"]
[TimeControl "2700+45"]

1. g3 d5 2. Bg2 g6 3. Nf3 Bg7 4. O-O e5 5. d3 c6 6. Nc3 Ne7 7. e4 d4 8. Ne2 O-O
9. Nd2 f5 10. f4 Be6 11. Nf3 fxe4 12. Ng5 Bg4 13. Nxe4 Nd7 14. h3 Bf5 15. Nd6
Qc7 16. Nc4 b5 17. Nxe5 Nxe5 18. fxe5 Bxe5 19. Bh6 Rf7 20. g4 Be6 21. Rxf7 Bxf7
22. Qd2 Nd5 23. Rf1 Re8 24. Be4 Qd6 25. Rf2 Nf6 26. Bg2 Bd5 27. Nf4 Bxg2 28.
Nxg2 Bg3 29. Re2 Bh2+ 30. Kh1 Be5 31. Qe1 Kf7 32. Qf1 Bg3 33. Rxe8 Kxe8 34. Bf4
Bxf4 35. Qxf4 Qxf4 36. Nxf4 Ke7 37. g5 Nd7 38. Kg2 Ne5 39. Ne2 c5 40. Kg3 Kd6
41. h4 a5 42. Kf4 Kd5 43. Ng3 c4 44. dxc4+ bxc4 45. Ne4 d3 46. cxd3 cxd3 47. Ke3
Ke6 48. b3 Kf5 49. a3 Kg4 50. Nf6+ Kxh4 51. Nxh7 Kg4 52. b4 axb4 53. axb4 Kf5
54. b5 Ke6 55. b6 Nc4+ 56. Kxd3 Nxb6 57. Nf8+ Kf7 58. Nxg6 Kxg6 59. Kc2 {Game
drawn by mutual agreement} 1/2-1/2

[Event "Team 45 45 League T37"]
[Site "Internet Chess Club"]
[Date "2008.05.20"]
[Round "4"]
[White "DeLaSalle"]
[Black "Fegary"]
[Result "0-1"]
[WhiteElo "1950"]
[BlackElo "2053"]
[Opening "Polish (Sokolsky) opening"]
[ECO "A00"]
[Time "12:30:59"]
[TimeControl "2700+45"]

1. b4 a5 2. b5 Nf6 3. Bb2 d6 4. g3 e5 5. d3 c6 6. c4 d5 7. Bg2 dxc4 8. dxc4
Qxd1+ 9. Kxd1 Bc5 10. e3 O-O 11. Nd2 Rd8 12. Ke2 Bg4+ 13. f3 Bb4 14. Rd1 Be6 15.
Bh3 Rxd2+ 16. Rxd2 Bxc4+ 17. Kd1 Bxd2 18. Kxd2 cxb5 19. Bxe5 Bxa2 20. Ne2 Nbd7
21. Bd4 a4 22. Rc1 Rd8 23. Nc3 Bc4 24. Nxa4 Ne5 25. f4 Ne4+ 26. Kc2 Nd3 27. Nb2
Nxc1 28. Nxc4 bxc4 29. Kxc1 b5 30. Bg2 f5 31. g4 g6 32. gxf5 gxf5 33. Kc2 Kf7
34. h4 b4 35. Bh3 Ke6 36. Bf1 b3+ 37. Kc1 Rc8 38. Be2 c3 39. Bd3 Kd5 40. Ba6 b2+
41. Kc2 Rb8 {White resigns} 0-1

[Event "Team 45 45 League T37"]
[Site "Internet Chess Club"]
[Date "2008.05.18"]
[Round "4"]
[White "smitty120"]
[Black "Dan777"]
[Result "1/2-1/2"]
[WhiteElo "1987"]
[BlackElo "1883"]
[Opening "Evans gambit: Stone-Ware variation"]
[ECO "C51"]
[Time "14:00:48"]
[TimeControl "2700+45"]

1. e4 e5 2. Nf3 Nc6 3. Bc4 Bc5 4. b4 Bxb4 5. c3 Bd6 6. d4 Nf6 7. dxe5 Nxe5 8.
Nxe5 Bxe5 9. f4 Nxe4 10. Qd5 O-O 11. O-O Bxc3 12. Nxc3 Nxc3 13. Qd3 d5 14. Qxc3
dxc4 15. Bb2 f6 16. Qxc4+ Kh8 17. Rad1 Bd7 18. Qd5 Bc6 19. Qc5 Qe8 20. Rfe1 Qg6
21. Qf2 Rfe8 22. Rxe8+ Rxe8 23. f5 Qg4 24. Rd2 Qe4 25. h3 Qe1+ 26. Qxe1 Rxe1+
27. Kf2 Re8 28. Bd4 a6 29. Be3 Kg8 30. Bf4 Re7 31. Rd8+ Kf7 32. Rc8 Bd7 33. Rxc7
Bxf5 34. Rxe7+ Kxe7 35. h4 Ke6 36. Ke3 Kd5 37. a3 g6 38. Bh6 Bb1 39. Bg7 f5 40.
g3 {Game drawn by mutual agreement} 1/2-1/2

[Event "Team 45 45 League T37"]
[Site "Internet Chess Club"]
[Date "2008.05.15"]
[Round "4"]
[White "Budzo"]
[Black "twinders"]
[Result "1/2-1/2"]
[WhiteElo "1745"]
[BlackElo "1682"]
[Opening "English: symmetrical, Benoni formation"]
[ECO "A31"]
[Time "18:22:29"]
[TimeControl "2700+45"]

1. Nf3 c5 2. c4 Nf6 3. d4 cxd4 4. Nxd4 d6 5. Nc3 Nc6 6. Nxc6 bxc6 7. e4 Bb7 8.
Be2 g6 9. O-O Bg7 10. Qc2 O-O 11. Be3 Qc7 12. Rac1 Rfc8 13. Rfd1 Qa5 14. Kh1 Nd7
15. Bd4 Bh6 16. Ra1 c5 17. Be3 Bxe3 18. fxe3 Ne5 19. Nd5 Re8 20. Rf1 Bc8 21. h3
Qd8 22. Rae1 Be6 {Game drawn by mutual agreement} 1/2-1/2

[Event "Team 45 45 League T37"]
[Site "Internet Chess Club"]
[Date "2008.05.15"]
[Round "4"]
[White "GolfSuper"]
[Black "TyJohansen"]
[Result "0-1"]
[WhiteElo "1563"]
[BlackElo "1545"]
[Opening "Caro-Kann: exchange variation"]
[ECO "B13"]
[Time "18:03:38"]
[TimeControl "2700+45"]

1. e4 c6 2. d4 d5 3. exd5 cxd5 4. Be2 Nc6 5. Nf3 Bg4 6. O-O Nf6 7. c3 e6 8. Nbd2
Be7 9. h3 Bxf3 10. Nxf3 O-O 11. Qc2 Rc8 12. Bd3 Nb4 13. Qd2 Nxd3 14. Qxd3 Ne4
15. Bf4 Bd6 16. Bxd6 Qxd6 17. Nd2 Nxd2 18. Qxd2 b5 19. Rfe1 Rc7 20. Qd3 a6 21.
Re5 b4 22. Rh5 g6 23. Re5 bxc3 24. bxc3 Rfc8 25. Rc1 Qa3 26. Rc2 Rxc3 27. Rxc3
Rxc3 28. Qb1 Rc1+ {White resigns} 0-1

[Event "Team 45 45 League T37"]
[Site "Internet Chess Club"]
[Date "2008.05.17"]
[Round "4"]
[White "chicopee-ed"]
[Black "PostMike"]
[Result "1-0"]
[WhiteElo "1501"]
[BlackElo "1545"]
[Opening "Queen's pawn: Yusupov-Rubinstein system"]
[ECO "A46"]
[Time "14:00:15"]
[TimeControl "2700+45"]

1. d4 Nf6 2. Nf3 e6 3. e3 b6 4. Bd3 Bb7 5. O-O c5 6. c3 Qc7 7. e4 Bxe4 8. Re1
Bxd3 9. Qxd3 d5 10. Bg5 Be7 11. h3 c4 12. Qc2 O-O 13. Nbd2 h6 14. Bh4 Nc6 15.
Bg3 Bd6 16. Ne5 Nd7 17. Ndf3 Ndxe5 18. Nxe5 Nxe5 19. Bxe5 a5 20. Qe2 Bxe5 21.
Qxe5 Qxe5 22. Rxe5 a4 23. a3 g5 24. Rae1 Kg7 25. g3 Rfe8 26. Kg2 Ra7 27. Rxd5
Kf8 28. Rde5 Rae7 29. Rb5 Rb7 30. Ree5 f6 31. Rec5 e5 32. Rxc4 exd4 33. Rxd4 Re5
34. Rxe5 fxe5 35. Rxa4 Ke7 36. Re4 Ke6 37. f3 Rd7 38. h4 Rd2+ 39. Kh3 Rxb2 40.
Rb4 Rxb4 41. cxb4 Kf5 42. hxg5 hxg5 43. a4 g4+ 44. fxg4+ Kg5 45. a5 e4 46. Kg2
e3 47. Kf3 {Black resigns} 1-0

[Event "Team 45 45 League T37"]
[Site "Internet Chess Club"]
[Date "2008.05.18"]
[Round "4"]
[White "strudel"]
[Black "smsxman"]
[Result "1-0"]
[WhiteElo "1446"]
[BlackElo "1495"]
[Opening "King's pawn game"]
[ECO "C50"]
[Time "14:01:53"]
[TimeControl "2700+45"]

1. e4 e5 2. Nf3 Nc6 3. Bc4 h6 4. d4 exd4 5. Nxd4 Nf6 6. Nxc6 bxc6 7. Qf3 Bd6 8.
O-O O-O 9. Re1 Be5 10. Nc3 d6 11. h3 Bb7 12. Bf4 Re8 13. Bxe5 Rxe5 14. Rad1 Qe7
15. Bd3 Rb8 16. b4 d5 17. a3 d4 18. Na4 a5 19. Nc5 axb4 20. axb4 Bc8 21. Rb1 Nd5
22. Ba6 Nc3 23. Rb3 Bxa6 24. Nxa6 Rb6 25. Nc5 Na2 26. Nd3 Re6 27. Ra1 Nxb4 28.
Nxb4 Rxb4 29. Rxb4 Qxb4 30. Ra8+ Kh7 31. Qf5+ Rg6 32. Qxf7 Qe1+ 33. Kh2 Qxe4 34.
Qg8# {Black checkmated} 1-0

[Event "Team 45 45 League T37"]
[Site "Internet Chess Club"]
[Date "2008.05.18"]
[Round "4"]
[White "Avedldesierto"]
[Black "Rookmaster"]
[Result "0-1"]
[WhiteElo "1785"]
[BlackElo "1681"]
[Opening "two knights defense: Wilkes Barre (Traxler) variation"]
[ECO "C57"]
[Time "18:00:37"]
[TimeControl "2700+45"]

1. e4 e5 2. Nf3 Nc6 3. Bc4 Nf6 4. Ng5 Bc5 5. Nxf7 Bxf2+ 6. Kxf2 Nxe4+ 7. Kg1 Qh4
8. g3 Nxg3 9. Nxh8 Nd4 10. Nc3 d5 11. Nxd5 Bg4 12. Nxc7+ Kd7 13. Nxa8 Bxd1 14.
hxg3 Qxg3+ 15. Kf1 Qf3+ 16. Kg1 Ne2+ 17. Bxe2 Bxe2 18. Rxh7 Qg3+ {White resigns}
0-1

[Event "Team 45 45 League T37"]
[Site "Internet Chess Club"]
[Date "2008.05.17"]
[Round "4"]
[White "Endgamer"]
[Black "Cotesita"]
[Result "0-1"]
[WhiteElo "1547"]
[BlackElo "1650"]
[Opening "Sicilian: Alapin's variation (2.c3)"]
[ECO "B22"]
[Time "16:00:09"]
[TimeControl "2700+45"]

1. e4 c5 2. c3 d5 3. e5 Bf5 4. d4 Nc6 5. Be3 Bxb1 6. Rxb1 cxd4 7. Bxd4 e6 8. Bb5
Ne7 9. Ne2 a6 10. Ba4 b5 11. Bc2 Ng6 12. Bxg6 hxg6 13. Qd3 Qg5 14. Qg3 Qf5 15.
O-O Be7 16. Qf4 Qh5 17. Nc1 Bg5 18. Qg3 Bh4 19. Qh3 Kd7 20. Nd3 Be7 21. Nf4 Qg5
22. Qe3 Qh6 23. Qh3 Qxf4 24. Qg3 Qxg3 25. fxg3 Nxd4 26. cxd4 Rhf8 27. h4 f6 28.
Rbe1 Rac8 29. Re2 Rc4 30. Rf4 fxe5 31. Rg4 Rc1+ 32. Kh2 Rff1 {White resigns} 0-1